 Dungeon Crawl Stone Soup version 0.25-a0-547-g27a0b5d (webtiles) character file.

Game seed: 16757962478704612200, levelgen mode: deterministic

213 b5mith the Skirmisher (level 5, -4/79 HPs)
             Began as a Minotaur Berserker on Feb 22, 2020.
             Was a Believer of Trog.
             Slain by an orc
             ... wielding a +0 hand axe
              (5 damage)
             ... on level 3 of the Dungeon.
             The game lasted 00:04:41 (2389 turns).

b5mith the Skirmisher (Minotaur Berserker)          Turns: 2389, Time: 00:04:42

Health: -4/79      AC:  3    Str: 26    XL:     5   Next: 59%
Magic:  4/4        EV: 12    Int:  4    God:    Trog [**....]
Gold:   137        SH:  0    Dex: 11    Spells: 4/4 levels left

rFire    . . .     SeeInvis .   a - +0 mace
rCold    . . .     Gourm    .   (no shield)
rNeg     . . .     Faith    +   b - +0 animal skin
rPois    .         Spirit   .   (helmet restricted)
rElec    .         Reflect  .   (no cloak)
rCorr    .         Harm     .   (no gloves)
MR       .....                  i - +0 pair of boots
Stlth    ..........             g - amulet of faith
HPRegen  0.23/turn              (no ring)
MPRegen  0.09/turn              (no ring)

@: berserking (expiring), lethally poisoned (-4 -> -10), very quick
A: retaliatory headbutt, horns 2
a: Berserk, Trog's Hand, Renounce Religion


You were on level 3 of the Dungeon.
You worshipped Trog.
Trog was pleased with you.
You were hungry.

You visited 1 branch of the dungeon, and saw 3 of its levels.

You collected 137 gold pieces.

Inventory:

Hand Weapons
 a - a +0 mace (weapon)
Missiles
 k - 2 silver boomerangs (quivered)
Armour
 b - a +0 animal skin (worn)
 i - a +0 pair of boots (worn)
   (You found it on level 1 of the Dungeon)
 n - a +0 cloak
   (You took it off Crazy Yiuf on level 2 of the Dungeon)
Jewellery
 f - a +5 ring of dexterity
   (You took it off Robin on level 2 of the Dungeon)
 g - an amulet of faith (around neck)
   (You found it on level 1 of the Dungeon)
Scrolls
 d - a scroll of immolation {unknown}
 e - a scroll of fear {unknown}
 h - a scroll of blinking {unknown}
 j - a scroll of teleportation
Potions
 l - a potion of lignification {unknown}
 m - a potion of curing {unknown}
Comestibles
 c - 5 rations
 o - 3 chunks of flesh


   Skills:
 + Level 7.7 Fighting
 - Level 3.6 Maces & Flails
 - Level 2.4 Armour
 - Level 2.1 Dodging


You had 4 spell levels left.
You didn't know any spells.
Your spell library was empty.

Dungeon Overview and Level Annotations

Branches:
Dungeon (3/15)

Altars:
Ashenzari
Elyvilon


Innate Abilities, Weirdness & Mutations

You reflexively headbutt those who attack you in melee.
You have a pair of horns on your head.


Message History

You headbutt the adder.
A red film seems to cover your vision as you go berserk!
You feel yourself moving faster!
You feel mighty!
You are feeling hungry.
The adder bites you.
* * * LOW HITPOINT WARNING * * *
You closely miss the adder.
The adder is severely wounded.
You feel sick. The adder bites you.
* * * LOW HITPOINT WARNING * * *
You are lethally poisoned!
The adder poisons you! The adder bites you but does no damage.
You sock the adder!
You kill the adder!
Trog accepts your kill.
* * * LOW HITPOINT WARNING * * *
You feel sick.
You sock the hobgoblin!
You kill the hobgoblin!
Trog accepts your kill.
* * * LOW HITPOINT WARNING * * *
You feel sick.
You thump the dart slug!
You kill the dart slug!
Trog accepts your kill.
* * * LOW HITPOINT WARNING * * *
You feel sick.
You barely miss the orc wizard. You headbutt the orc wizard!
The orc wizard is severely wounded.
* * * LOW HITPOINT WARNING * * *
You feel sick.
The orc wizard hits you with a +0 dagger.
* * * LOW HITPOINT WARNING * * *
The orc wizard closely misses you. You furiously retaliate!
You headbutt the orc wizard!
You kill the orc wizard!
Trog accepts your kill.
Trog appreciates your killing of a magic user.
An orc comes into view. It is wielding a +0 hand axe.
* * * LOW HITPOINT WARNING * * *
You feel sick. The rat misses you. You furiously retaliate!
You headbutt the rat!
You kill the rat!
Trog accepts your kill.
Items here: )))) [[ ††† You feel a strong urge to attack something.
The orc hits you with a +0 vorpal hand axe.
* * * LOW HITPOINT WARNING * * *
x2 The goblin hits you but does no damage.
The orc hits you with a +0 hand axe.
You die...

..........
#.........
#.o.......
##.........
..........
.K.....?.
#####go......
#..<)@o..>..#
......########...
..... ##.. ##


You could see 3 orcs, a goblin and a kobold.

Vanquished Creatures
  Crazy Yiuf (D:2)
  An orc priest (D:3)
  2 orc wizards (D:3)
  Robin (D:2)
  2 adders
  An ooze (D:1)
  3 dart slugs
  3 leopard geckos (D:2)
  An orc (D:3)
  2 ball pythons (D:2)
  5 bats
  6 giant cockroaches
  13 goblins
  8 hobgoblins
  4 rats
53 creatures vanquished.

Vanquished Creatures (others)
  A quokka (D:2)
1 creature vanquished.

Grand Total: 54 creatures vanquished

Notes
Turn   | Place    | Note
-------+----------+-------------------------------------------
     0 | D:1      | b5mith the Minotaur Berserker began the quest for the Orb.
     0 | D:1      | Reached XP level 1. HP: 19/19 MP: 0/0
    27 | D:1      | Reached skill level 4 in Fighting
    78 | D:1      | Reached XP level 2. HP: 13/28 MP: 1/1
   755 | D:2      | Reached skill level 5 in Fighting
   765 | D:2      | Reached XP level 3. HP: 36/36 MP: 2/2
   826 | D:2      | Found a runed translucent door.
   827 | D:2      | Noticed Crazy Yiuf
   879 | D:2      | Noticed Robin
  1213 | D:2      | Reached ** piety under Trog
  1370 | D:2      | Killed Robin
  1370 | D:2      | Reached skill level 6 in Fighting
  1370 | D:2      | Reached XP level 4. HP: 9/44 MP: 3/3
  1853 | D:2      | Found a shattered altar of Ashenzari.
  1986 | D:2      | Found a white marble altar of Elyvilon.
  2282 | D:2      | Killed Crazy Yiuf
  2367 | D:3      | Reached skill level 7 in Fighting
  2367 | D:3      | Reached XP level 5. HP: 24/52 MP: 4/4
  2389 | D:3      | HP: 2/79 [orc/+0 vorpal hand axe (3)]
  2389 | D:3      | Slain by an orc

Levels and vault maps discovered:
D:1:      minmay_arrival_three_doors, layout_rooms, serial_rivers,
          chequers_serial_rivers_room_b, chequers_serial_rivers_room_a,
          chequers_serial_rivers_room_a, chequers_serial_rivers_marsh,
          chequers_serial_rivers_marsh
D:2:      layout_basic, elyvilon_altar_4, ashenzari_altar_1,
          chequers_serial_rivers_micro_e, dk_vineyard_3, uniq_robin,
          uniq_crazy_yiuf_cottage
D:3:      layout_rooms, chequers_ecumenical_altar_island, uniq_jessica

Skill      XL: |  1  2  3  4 |
---------------+-------------+-----
Fighting       | 4 5 6 7 |  7.7
Maces & Flails | |  3.6
Armour         | |  2.4
Dodging        | |  2.1

Action                   |  1- 3 |  4- 6 || total
-------------------------+-------+-------++-------
Melee: Mace              |    70 |    52 ||   122
       Headbutt          |     9 |     5 ||    14
Invok: Berserk           |     2 |     1 ||     3
  Use: Scroll            |     1 |       ||     1
  Eat: Chunk             |     2 |     5 ||     7
Armor: Animal skin       |    11 |    13 ||    24
Dodge: Dodged            |    52 |    34 ||    86

Table legend:
 A = Non-vault XP
 B = Vault XP
 C = Vault XP percentage of total XP
 D = Non-vault monster count
 E = Vault monster count
 F = Vault count percentage of total count
                 A         B        C        D         E       F
            +---------+---------+-------+---------+---------+-------
      Total |     228 |      77 |  25.2 |      41 |      12 |  22.6
            +---------+---------+-------+---------+---------+-------
        D:1 |      34 |       2 |   5.6 |      14 |       1 |   6.7
        D:2 |      47 |      75 |  61.5 |      18 |      11 |  37.9
        D:3 |     147 |       0 |   0.0 |       9 |       0 |   0.0
            +---------+---------+-------+---------+---------+-------
